 Zot Defence DCSS version 0.14-a0-3367-g7c2a7eb (webtiles) character file.

25 Froboctopus the Grave Robber (level 2, 0/19 HPs)
             Began as a Demonspawn Necromancer on Mar 19, 2014.
             Slain by Katragh the hobgoblin
             ... wielding a +1,+1 dagger
              (4 damage)
             ... in the Realm of Zot (Scenario I: Hall of Zot).
             The game lasted 00:00:55 (249 turns).

Froboctopus the Grave Robber (DsNe)                  Turns: 249, Time: 00:00:55

HP   0/19        AC  2     Str  8      XL: 2   Next: 82%
MP   1/5         EV 12     Int 16      God:
Gold 0           SH  0     Dex 13      Spells:  2 memorised,  4 levels left

rFire  . . .     SeeInvis .     (no weapon)
rCold  . . .     Clarity  .     a - +0 robe
rNeg   . . .     Conserve .     (no shield)
rPois  .         rCorr    .     (helmet restricted)
rElec  .         rRot     .     (no cloak)
SustAb . .       Spirit   .     (no gloves)
rMut   .         Warding  .     (no boots)
Saprov . . .     Stasis   .     (no amulet)
MR     .....                    (no ring)
                                (no ring)

@: exhausted, slowed, very slow, not resistant to hostile enchantments, fairly
stealthy
A: antennae 1
a: Make dart trap, Make oklob sapling


You were in the Realm of Zot.
You were not hungry.

You visited 1 branch

Inventory:

Armour
 a - a +0 robe (worn)
Comestibles
 d - a bread ration
Scrolls
 i - a scroll of blinking
Potions
 c - 2 potions of curing
 e - a potion of heal wounds
 f - a potion of haste
 g - 2 potions of magic
Books
 b - a book of Necromancy

   Spells                             Type                      Level
   *Pain                              Necromancy                   1
   *Animate Skeleton                  Necromancy                   1
   Lethal Infusion                    Charms/Necromancy            2
   Vampiric Draining                  Necromancy                   3
   Regeneration                       Charms/Necromancy            3
   Animate Dead                       Necromancy                   4
   Control Undead                     Necromancy                   4


   Skills:
 + Level 2.0 Dodging
 - Level 1.7 Stealth
 * Level 2.5 Spellcasting
 * Level 4.9 Necromancy


You had 4 spell levels left.
You knew the following spells:

 Your Spells              Type           Power        Failure   Level  Hunger
a - Pain                  Necr           ###.         2%          1    #......
b - Animate Skeleton      Necr           N/A          2%          1    #......


Dungeon Overview and Level Annotations

Branches:
    Zot (1/1)

Altars:


Innate Abilities, Weirdness & Mutations

You have a pair of small antennae on your head.


Message History

The rat twitches its whiskers.
The giant cockroach barely misses you.
You hit the giant cockroach but do no damage.
The giant cockroach closely misses you.
Katragh unwields an uncursed club.
Katragh drops an uncursed club.
Katragh picks up a dagger.
Katragh wields a dagger.
The giant cockroach bites you.
You closely miss the giant cockroach. The giant cockroach bites you.
* * * LOW HITPOINT WARNING * * *
The giant cockroach barely misses you.
You hit the giant cockroach.
The giant cockroach is moderately wounded.
The rat misses you.
The giant cockroach bites you but does no damage.
The rat barely misses you. The giant cockroach bites you.
* * * LOW HITPOINT WARNING * * *
You hit the giant cockroach but do no damage.
The giant cockroach is moderately wounded.
The giant cockroach closely misses you. The rat closely misses you.
Katragh hits you with a dagger.
You die...

######### ######### ....####
####.... .......### ###.......
.........## ##.........
..........# ▓▓▓▓▓▓▓▓▓ #..........
..........▓▓▓.......▓▓▓..........
..........▓▓.........▓▓..........
..........▓.....%)....▓..........
...........)...r@s.))............
........P.▓.%..g.%....▓..........
..........▓▓.........▓▓..........
..........▓▓▓.......▓▓▓..........
..........▓ ▓▓▓▓▓▓▓▓▓ ▓..........
.........▓▓ ▓▓.........
.......▓▓▓ ▓▓▓....... ....▓▓▓▓
▓▓▓▓.... ▓▓▓▓▓▓▓▓ ▓▓▓▓▓▓▓▓


You could see a giant cockroach, Katragh the hobgoblin, a rat and a friendly
oklob sapling.

Vanquished Creatures
  A ball python (Zot)
  A giant cockroach (Zot)
  4 goblins (Zot)
  A bat (Zot)
  2 kobolds (Zot)
  A rat (Zot)
10 creatures vanquished.

Vanquished Creatures (collateral kills)
  A rat (Zot)
1 creature vanquished.

Grand Total: 11 creatures vanquished

Notes
Turn   | Place    | Note
--------------------------------------------------------------
     0 | Zot      | Froboctopus, the Demonspawn Necromancer, began the quest for the Orb.
     0 | Zot      | Reached XP level 1. HP: 13/13 MP: 3/3
   203 | Zot      | Learned a level 1 spell: Animate Skeleton
   209 | Zot      | Gained mutation: You have a pair of small antennae on your head. [demonic ancestry]
   209 | Zot      | Reached XP level 2. HP: 13/19 MP: 0/4
   249 | Zot      | Slain by Katragh the hobgoblin

Action                   || total
-------------------------++-------
Melee: Unarmed           ||    29
 Cast: Pain              ||     6
 Abil: Make oklob saplin ||     1
  Use: Potion            ||     2
